 Dungeon Crawl Stone Soup version 0.17-a0-1504-gb7d9117 (webtiles) character file.

142873 scylark the Severer (level 17, -11/159 HPs)
             Began as a Hill Orc Fighter on July 9, 2015.
             Was a High Priest of the Shining One.
             Killed from afar by a thorn hunter (21 damage)
             ... with a volley of thorns
             ... on level 4 of the Swamp.
             The game lasted 02:27:58 (40598 turns).

scylark the Severer (Hill Orc Fighter)             Turns: 40598, Time: 02:27:58

Health: -11/159    AC: 34    Str: 24    XL:     17   Next: 36%
Magic:  26/27      EV:  9    Int:  8    God:    the Shining One [*****.]
Gold:   2642       SH: 12    Dex: 10    Spells: 0 memorised, 16 levels left

rFire  . . .     SeeInvis .     G - +2 dire flail (protect)
rCold  + . .     Clarity  +     i - +2 plate armour {rPois}
rNeg   + + .     SustAt   .     (no shield)
rPois  +         Gourm    .     l - +0 helmet (curse)
rElec  .         Spirit   .     T - +1 cloak
rCorr  .         Warding  .     J - +0 pair of gloves
rMut   .         Stasis   .     C - +0 pair of boots
MR     +....                    r - amulet of clarity
Stlth  ..........               D - ring of poison resistance
                                Y - +4 ring of slaying

@: divine shield, about to teleport, glowing, studying Shields, somewhat
resistant to hostile enchantments, extremely unstealthy
A: large bone plates 1, breathe flames 1, cold resistance 1, high mp 1, weak 1
a: Divine Shield, Cleansing Flame, Summon Divine Warrior, Renounce Religion,
Breathe Fire


You were on level 4 of the Swamp.
You worshipped the Shining One.
The Shining One was extremely pleased with you.
You were hungry.

You visited 6 branches of the dungeon, and saw 32 of its levels.
You also visited: Bailey and Ice Cave.

You collected 3893 gold pieces.
You spent 1251 gold pieces at shops.

Inventory:

Hand weapons
 a - a +7 broad axe of chopping
 y - the +7 rapier of Sequestration {drain, rElec rF+ MR+}
   (You found it on level 4 of the Swamp)

   A truly terrible weapon, it drains the life of those it strikes.
   It protects you from fire.
   It insulates you from electricity.
   It affects your resistance to hostile enchantments.
   The Shining One disapproves of the use of such an item.
 G - a +2 dire flail of protection (weapon)
Missiles
 M - 27 tomahawks (quivered)
Armour
 c - a +0 plate armour of cold resistance
 i - a +2 plate armour of poison resistance (worn)
 l - a cursed +0 helmet (worn)
 m - a +0 shield of reflection
 C - a +0 pair of boots (worn)
 J - a +0 pair of gloves (worn)
 T - a +1 cloak (worn)
Jewellery
 j - a +6 ring of protection
 n - the ring "Kath" {Ice Str+2}
   (You found it on level 13 of the Dungeon)

   [ring of ice]

   It enhances your ice magic, and weakens your fire magic.
   It affects your strength (+2).
   It makes you vulnerable to fire.
   It protects you from cold.
 r - an amulet of clarity (around neck)
 w - an uncursed amulet of resist corrosion
 D - a ring of poison resistance (right hand)
 Y - a +4 ring of slaying (left hand)
Magical devices
 I - a wand of lightning (2)
 P - a wand of digging (13)
 R - a wand of slowing (30)
Scrolls
 f - 4 scrolls of recharging
 t - 14 scrolls of identify
 v - 2 scrolls of magic mapping
 B - 11 scrolls of remove curse
 H - a scroll of brand weapon
 O - 3 scrolls of enchant armour
 S - 4 scrolls of enchant weapon
 W - a scroll of teleportation
Potions
 b - 3 potions of brilliance
 d - 4 potions of might
 h - 2 potions of curing
 o - 2 potions of flight
 u - a potion of cancellation
 x - 3 potions of lignification
 z - 3 potions of agility
 A - 2 potions of ambrosia
 L - a potion of resistance
Books
 p - a book of Fire

   Spells                             Type                      Level
   a - Ignite Poison                  Fire/Transmutation/Poison    3
   b - Fireball                       Conjuration/Fire             5
   c - Bolt of Fire                   Conjuration/Fire             6
   d - Delayed Fireball               Conjuration/Fire             7
   e - Ring of Flames                 Charms/Fire                  7
 q - a manual of Shields
 F - a book of Clouds

   Spells                             Type                      Level
   a - Mephitic Cloud                 Conjuration/Poison/Air       3
   b - Conjure Flame                  Conjuration/Fire             3
   c - Poisonous Cloud                Conjuration/Poison/Air       6
   d - Freezing Cloud                 Conjuration/Ice/Air          6
   e - Ring of Flames                 Charms/Fire                  7
 U - a book of Maledictions

   Spells                             Type                      Level
   a - Corona                         Hexes                        1
   b - Ensorcelled Hibernation        Hexes/Ice                    2
   c - Confuse                        Hexes                        3
   d - Tukima's Dance                 Hexes                        3
   e - Dazzling Spray                 Conjuration/Hexes            3
 Z - a book of Air

   Spells                             Type                      Level
   a - Shock                          Conjuration/Air              1
   b - Swiftness                      Charms/Air                   2
   c - Repel Missiles                 Charms/Air                   2
   d - Static Discharge               Conjuration/Air              3
   e - Lightning Bolt                 Conjuration/Air              5
Miscellaneous
 g - a phial of floods
 K - a legendary deck of wonders {Wild Magic}
 N - a fan of gales
Comestibles
 e - 13 bread rations
 k - a royal jelly
 E - 6 beef jerkies
 V - 14 fruits
 X - a slice of pizza


   Skills:
 + Level 16.4 Fighting
 + Level 16.7(17.4) Axes
 + Level 7.3(11.9) Maces & Flails
 - Level 0.4 Throwing
 * Level 16.0 Armour
 - Level 3.0 Dodging
 - Level 1.5 Stealth
 * Level 15.7 Shields
 * Level 10.4 Invocations
 - Level 5.3 Evocations


You had 16 spell levels left.
You didn't know any spells.

Dungeon Overview and Level Annotations

Branches:
Dungeon (14/15)            Temple (1/1) D:4            Lair (8/8) D:11
  Swamp (4/4) Lair:5       Spider (0/4) Lair:4        Slime (0/6) Lair:6
    Orc (4/4) D:11            Elf (1/3) Orc:3        Vaults (0/5) D:14

Altars:
Ashenzari
Cheibriados
Dithmenos
Fedhas
Gozag
Kikubaaqudgha
Makhleb
Nemelex Xobeh
Okawaru
Qazlal
Ru
Sif Muna
Trog
Vehumet
Xom
Yredelemnul
Zin
The Shining One
Beogh
Lugonu

Shops:
D:8 ?[[   D:11 (   Orc:3 :   Orc:4 (:*?

Portals:
Pandemonium: Orc:4

Annotations:
D:4 Eustachio
D:6 exclusion: oklob plant
Swamp:4 Lernaean hydra


Innate Abilities, Weirdness & Mutations

You are partially covered in large bone plates (AC +2, SH +2).
You can breathe flames.
Your flesh is cold resistant.
You have an increased reservoir of magic (+10% MP).
You are weak. (Str -2)


Message History

The thorn hunter fires a volley of thorns at you.
The volley of thorns misses you.
You are too injured to fight recklessly!
You hit the briar patch but do no damage.
The thorn hunter fires a volley of thorns at you.
The volley of thorns hits you!
* * * LOW HITPOINT WARNING * * *
A six-headed hydra comes into view.
The six-headed hydra roars!
You hit the briar patch.
The briar patch is moderately damaged.
The thorn hunter fires a volley of thorns at you.
The volley of thorns hits you!
* * * LOW HITPOINT WARNING * * *
Read which item? (? for menu, Esc to quit)
As you read the scroll of teleportation, it crumbles to dust.
You feel strangely unstable.
The thorn hunter fires a volley of thorns at you.
The volley of thorns hits you!
You die...

...≈≈≈.♣≈P ♣≈≈.
....≈≈≈≈§
....≈≈≈≈.
♣≈≈..≈≈..
≈≈..≈≈≈.♣♣
≈≈..≈PP..♣
≈..DfPP..♣♣
§≈≈PPPP≈≈≈♣♣≈♣♣
≈≈♣PPPP@≈≈≈≈≈≈♣
♣≈..≈.♣♣♣≈≈.≈
♣♣≈:≈.♣ ♣♣≈≈≈
♣.≈≈≈≈≈≈♣ ♣≈
♣.≈≈≈≈≈.♣
♣♣♣≈.≈≈≈♣
♣♣♣♣♣♣♣


You could see a thorn hunter and a six-headed hydra.

Vanquished Creatures
  Donald (Orc:2)
  A very ugly thing (Swamp:3)
  Azrael (Orc:4)
  The ghost of Tyryt0 the Blocker, a powerful FoFi of Ashenzari (IceCv)
  A large abomination (D:14)
  Harold (Orc:3)
  3 catoblepae (Lair:8)
  16 hydras
  A ghost crab (Lair:5)
  A centaur warrior (D:14)
  An ogre mage (D:14)
  7 alligators
  The ghost of trantor the Arsonist, a powerful DEFE of Sif Muna (D:10)
  25 death yaks
  Urug (Lair:2)
  5 orc high priests
  The ghost of runewalsh the Cleaver, an experienced OpGl of Makhleb (D:8)
  A soul eater (Orc:4)
  A spriggan (Swamp:3)
  A sun demon (Orc:4)
  An ice devil (Orc:4)
  A deep elf knight (D:12)
  3 skeletal warriors (D:10)
  2 unseen horrors
  An infernal demonspawn (Orc:4)
  A swamp dragon (Swamp:4)
  6 orc knights
  5 hill giants
  A lindwurm (Lair:6)
  3 shambling mangroves
  A gelid demonspawn (Orc:4)
  2 putrid demonspawn (Orc:4)
  Pikel (D:7)
  3 ugly things
  A griffon (Lair:8)
  7 orc sorcerers
  A small abomination (D:14)
  16 elephants
  3 cyclopes
  2 centaur zombies
  A manticore (D:14)
  A smoke demon (Orc:4)
  Maurice (Orc:4)
  Joseph (D:7)
  7 black mambas
  Psyche (D:9)
  3 gargoyles
  25 spiny frogs
  6 komodo dragons
  A kobold demonologist (D:14)
  A troll (D:10)
  2 hellwings (Orc:4)
  2 two-headed ogres
  A deep elf priest (D:14)
  A red devil (Orc:4)
  The ghost of scylark the Skirmisher, an average HOFi (D:4)
  3 fire drakes
  4 polar bears
  3 giant leeches
  2 boulder beetles
  3 slime creatures (Swamp:1)
  30 blink frogs
  8 bog bodies
  A vampire (D:13)
  Sigmund (D:3)
  67 yaks
  2 fire elementals (Orc:4)
  20 hippogriffs
  2 deep elf magi
  4 shadows
  3 hungry ghosts
  A deep elf fighter (D:14)
  2 wyverns
  A steam dragon (D:12)
  A human (D:7)
  6 basilisks
  8 vampire mosquitoes
  16 water moccasins
  Menkaure (D:4)
  18 swamp worms
  21 wolves
  12 insubstantial wisps
  A warg (Orc:2)
  4 hell hounds (Orc:4)
  Duvessa (D:7)
  2 sky beasts
  7 wasps
  15 ice beasts
  2 black bears
  2 phantoms
  8 spiders (Lair:4)
  30 orc warriors
  15 porcupines
  A boggart (D:14)
  6 swamp drakes
  4 necrophages
  13 ogres
  16 big kobolds
  15 centaurs
  A brain worm (Lair:7)
  16 crocodiles
  17 giant frogs
  Blork the orc (Orc:2)
  Dowan (D:7)
  3 scorpions
  14 killer bees
  6 crimson imps
  5 jellies
  2 electric eels (Lair:8)
  2 quasits
  Ijyb (D:3)
  5 hounds
  16 orc priests
  10 worker ants
  4 giant frog skeletons
  4 centaur skeletons
  7 iguanas
  14 orc wizards
  17 sheep
  A hound skeleton (D:6)
  11 adders
  6 gnolls (D:4)
  73 river rats
  3 shadow imps
  5 oozes (Lair:6)
  An adder skeleton (D:9)
  2 worms
  6 giant geckos
  133 orcs
  A ball python (D:3)
  16 bats
  A bat skeleton (D:8)
  4 giant cockroaches
  16 goblins
  21 hobgoblins
  6 quokkas
  A giant gecko skeleton (D:4)
  7 giant newts
  19 jackals
  28 kobolds
  A quokka skeleton (D:5)
  19 rats
  A butterfly (Lair:2)
  6 fungi
  4 plants
1107 creatures vanquished.

Vanquished Creatures (collateral kills)
  A thorn hunter (Swamp:4)
  A hydra (Swamp:4)
  A swamp drake (Swamp:4)
3 creatures vanquished.

Vanquished Creatures (others)
  An orc high priest (Orc:4)
  A fire drake (Lair:6)
  3 yaks (Lair:6)
  A wolf (Lair:6)
  Crazy Yiuf (D:7)
  A sheep (Lair:6)
  A mummy (D:7)
  A river rat (Lair:7)
  A goblin (D:7)
  2 briar patches (Swamp:4)
  2 bushes (Lair:6)
  70 fungi
  44 plants
  17 toadstools (D:6)
146 creatures vanquished.

Grand Total: 1256 creatures vanquished

Notes
Turn   | Place    | Note
--------------------------------------------------------------
     0 | D:1      | scylark the Hill Orc Fighter began the quest for the Orb.
     0 | D:1      | Reached XP level 1. HP: 19/19 MP: 1/1
   171 | D:1      | Reached XP level 2. HP: 24/26 MP: 2/2
   643 | D:2      | Reached XP level 3. HP: 28/33 MP: 3/3
   694 | D:2      | Reached skill level 4 in Shields
   721 | D:2      | Reached skill level 1 in Dodging
   748 | D:2      | Found a faded altar to an unknown god.
  1082 | D:3      | Reached XP level 4. HP: 33/40 MP: 4/4
  1127 | D:3      | Noticed Sigmund
  1149 | D:3      | Killed Sigmund
  1149 | D:3      | Reached XP level 5. HP: 19/46 MP: 5/5
  1543 | D:3      | Reached XP level 6. HP: 52/52 MP: 6/6
  2104 | D:3      | Found a bloodstained altar of Trog.
  2290 | D:3      | Noticed Ijyb
  2304 | D:3      | Killed Ijyb
  2462 | D:4      | Reached skill level 5 in Shields
  2680 | D:4      | Reached XP level 7. HP: 33/60 MP: 7/7
  2856 | D:4      | Noticed scylark's ghost (average HOFi)
  2868 | D:4      | Killed scylark's ghost
  2868 | D:4      | Reached skill level 5 in Fighting
  2868 | D:4      | Reached skill level 5 in Axes
  2868 | D:4      | Reached skill level 5 in Armour
  2916 | D:4      | Found a shimmering altar of Xom.
  2919 | D:4      | Found a glowing silver altar of Zin.
  2919 | D:4      | Noticed Eustachio
  3102 | D:4      | Found a staircase to the Ecumenical Temple.
  3111 | Temple   | Entered the Ecumenical Temple
  3128 | Temple   | Became a worshipper of the Shining One
  3378 | D:4      | Found an opulent altar of Gozag.
  3391 | D:4      | Found a deep blue altar of Sif Muna.
  3477 | D:4      | Reached XP level 8. HP: 23/70 MP: 8/8
  3483 | D:4      | Noticed Menkaure
  3792 | D:3      | Gained mutation: You can breathe flames. [potion of beneficial mutation]
  3844 | D:4      | Reached skill level 6 in Fighting
  4127 | D:4      | Killed Menkaure
  4217 | D:5      | Entered Level 5 of the Dungeon
  4990 | D:6      | Found a blossoming altar of Fedhas.
  5007 | D:6      | Noticed an oklob plant
  5521 | D:6      | Gained mutation: Your flesh is cold resistant. [potion of beneficial mutation]
  5541 | D:6      | Reached skill level 7 in Axes
  6290 | D:7      | Noticed Joseph
  6489 | D:6      | Reached skill level 1 in Invocations
  6489 | D:6      | Reached XP level 9. HP: 72/78 MP: 9/9
  6513 | D:7      | Found a burning altar of Makhleb.
  6513 | D:7      | Noticed an Executioner
  6513 | D:7      | Acquired the Shining One's first power
  6516 | D:7      | Noticed an orange demon
  6516 | D:7      | Noticed a smoke demon
  6568 | D:7      | Noticed Pikel
  6592 | D:7      | Killed Pikel
  6747 | D:7      | Reached skill level 8 in Axes
  6909 | D:7      | Killed Joseph
  6909 | D:7      | Reached skill level 1 in Evocations
  7009 | D:7      | Killed Crazy Yiuf
  7099 | D:7      | Noticed Duvessa
  7112 | D:7      | Killed Duvessa
  7115 | D:7      | Noticed Dowan
  7130 | D:7      | Killed Dowan
  7130 | D:7      | Reached skill level 9 in Axes
  7278 | D:7      | Found a snail-covered altar of Cheibriados.
  7304 | D:8      | Reached XP level 10. HP: 80/88 MP: 13/13
  7308 | D:8      | Found Tius's Magic Scroll Boutique.
  7418 | D:8      | Found a shadowy altar of Dithmenos.
  7464 | D:8      | Found Laemnaziost's Antique Armour Emporium.
  7545 | D:8      | Found Utuungagg's Armour Boutique.
  7912 | D:8      | Noticed runewalsh's ghost (experienced OpGl)
  7942 | D:8      | Killed runewalsh's ghost
  8229 | D:8      | Reached skill level 10 in Axes
  8443 | D:8      | Acquired the Shining One's second power
  8804 | D:9      | Noticed Psyche
  8821 | D:9      | Killed Psyche
  8952 | D:9      | Found a stormy altar of Qazlal.
  9065 | D:9      | Reached skill level 11 in Axes
  9077 | D:9      | Reached XP level 11. HP: 81/97 MP: 14/14
  9460 | D:10     | Entered Level 10 of the Dungeon
  9559 | D:10     | Noticed trantor's ghost (powerful DEFE)
  9586 | D:10     | Killed trantor's ghost
  9736 | D:10     | Found a flagged portal.
  9758 | Bailey   | Entered a bailey
  9758 | Bailey   | Noticed Boomshaker's ghost (powerful OgHu)
  9760 | Bailey   | Noticed an orc knight
 10174 | D:10     | Reached skill level 12 in Axes
 10300 | D:10     | Noticed a hill giant
 10327 | D:10     | Killed a hill giant
 10610 | D:10     | Noticed an unseen horror
 11274 | D:11     | Noticed an unseen horror
 11275 | D:11     | Found Xusuexzy's Antique Weapon Boutique.
 11287 | D:11     | Found a staircase to the Orcish Mines.
 11297 | D:11     | Killed an unseen horror
 11297 | D:11     | Reached skill level 10 in Fighting
 11388 | D:11     | Reached skill level 10 in Shields
 11442 | D:11     | Noticed a skeletal warrior
 11451 | D:11     | Noticed a skeletal warrior
 11452 | D:11     | Noticed a skeletal warrior
 11483 | D:10     | Killed a skeletal warrior
 11519 | D:10     | Killed a skeletal warrior
 11738 | D:10     | Killed a skeletal warrior
 11809 | D:11     | Found a staircase to the Lair.
 11831 | D:11     | Reached skill level 13 in Axes
 12138 | D:11     | Reached XP level 12. HP: 107/107 MP: 15/15
 12330 | Lair:1   | Entered Level 1 of the Lair of Beasts
 13329 | Lair:1   | Reached skill level 14 in Axes
 13468 | Lair:2   | Reached skill level 10 in Armour
 13934 | Lair:2   | Reached skill level 1 in Stealth
 13999 | Lair:2   | Noticed Urug
 14024 | Lair:2   | Killed Urug
 14468 | Lair:3   | Gained mutation: You have an increased reservoir of magic (+10% MP). [potion of mutation]
 14468 | Lair:3   | Gained mutation: You are weak. (Str -2) [potion of mutation]
 14700 | Lair:3   | Noticed a death yak
 14702 | Lair:3   | Noticed a death yak
 14703 | Lair:3   | Noticed a death yak
 14705 | Lair:3   | Noticed a death yak
 14707 | Lair:3   | Noticed a death yak
 14709 | Lair:3   | Noticed a death yak
 14720 | Lair:3   | Killed a death yak
 14726 | Lair:3   | Killed a death yak
 14726 | Lair:3   | Reached skill level 15 in Axes
 14726 | Lair:3   | Reached XP level 13. HP: 61/116 MP: 15/17
 14783 | Lair:2   | Killed a death yak
 15296 | Lair:2   | Killed a death yak
 15307 | Lair:2   | Killed a death yak
 15322 | Lair:2   | Killed a death yak
 15483 | Lair:3   | Reached skill level 1 in Maces & Flails
 15933 | Lair:4   | Found a hole to the Spider Nest.
 16613 | Lair:4   | Reached skill level 16 in Axes
 17199 | Lair:5   | Found a staircase to the Swamp.
 17339 | Lair:5   | Found a frozen archway.
 17348 | IceCv    | Entered an ice cave
 17487 | IceCv    | Noticed Tyryt0's ghost (powerful FoFi)
 17503 | IceCv    | Killed Tyryt0's ghost
 18356 | Lair:5   | Learned a level 5 spell: Venom Bolt
 18857 | Swamp:1  | Entered Level 1 of the Swamp
 19416 | Lair:6   | Reached XP level 14. HP: 58/129 MP: 18/18
 19667 | Lair:6   | Found a staircase to the Slime Pits.
 19738 | Lair:6   | Acquired the Shining One's third power
 20296 | Lair:6   | Reached skill level 5 in Invocations
 20674 | Lair:5   | HP: 6/129 [death yak (14)]
 20675 | Lair:5   | HP: 2/129 [death yak (7)]
 23019 | Lair:7   | Reached skill level 5 in Evocations
 24163 | D:8      | Bought a shiny plate armour for 644 gold pieces
 24292 | Orc:1    | Entered Level 1 of the Orcish Mines
 25766 | D:13     | Reached XP level 15. HP: 133/138 MP: 22/22
 25804 | D:13     | Got a bound wooden ring
 25809 | D:13     | Identified the ring "Kath" {Ice Str+2} (You found it on level 13 of the Dungeon)
 27024 | D:14     | Found a gate to the Vaults.
 28970 | Lair:4   | Learned a level 1 spell: Pain
 29050 | Lair:8   | Entered Level 8 of the Lair of Beasts
 30928 | Lair:8   | Reached skill level 15 in Fighting
 32420 | Lair:8   | Reached XP level 16. HP: 149/149 MP: 24/24
 32984 | D:8      | Bought a scroll of enchant weapon for 75 gold pieces
 32984 | D:8      | Bought a scroll of identify for 20 gold pieces
 32984 | D:8      | Bought a scroll of enchant armour for 75 gold pieces
 32984 | D:8      | Bought a scroll of identify for 20 gold pieces
 32984 | D:8      | Bought a scroll of identify for 20 gold pieces
 32984 | D:8      | Bought a scroll of identify for 20 gold pieces
 32984 | D:8      | Bought a scroll of brand weapon for 200 gold pieces
 32984 | D:8      | Bought a scroll of enchant weapon for 75 gold pieces
 33436 | Orc:2    | Noticed Blork the orc
 33443 | Orc:2    | Killed Blork the orc
 33885 | Orc:3    | Found a roughly hewn altar of Beogh.
 33885 | Orc:3    | Noticed Donald
 33903 | Orc:2    | Killed Donald
 33933 | Orc:3    | Noticed Harold
 33945 | Orc:3    | Killed Harold
 34049 | Orc:3    | Found a staircase to the Elven Halls.
 34084 | Orc:3    | Found Foap's Book Shop.
 34141 | Orc:3    | Reached skill level 15 in Armour
 34579 | Elf:1    | Entered Level 1 of the Elven Halls
 34598 | Orc:4    | Entered Level 4 of the Orcish Mines
 34693 | Orc:4    | Noticed Maurice
 34697 | Orc:4    | Killed Maurice
 34721 | Orc:4    | Found Caetois's Magic Scroll Boutique.
 34725 | Orc:4    | Found Nukkoxteenu's General Store.
 34780 | Orc:4    | Acquired the Shining One's fourth power
 35107 | Orc:4    | Paralysed by an orc sorcerer for 6 turns
 35138 | Orc:4    | Reached skill level 15 in Shields
 35315 | Orc:4    | Found Tevvoroc's Book Shoppe.
 35315 | Orc:4    | Found a one-way gate leading to the halls of Pandemonium.
 35315 | Orc:4    | Found Naosm's Antique Weapon Emporium.
 35401 | Orc:4    | Bought a scroll of teleportation for 30 gold pieces
 35401 | Orc:4    | Bought a scroll of teleportation for 30 gold pieces
 35403 | Orc:4    | Bought a scroll of teleportation for 42 gold pieces
 35507 | Orc:4    | Noticed Azrael
 35522 | Orc:4    | Killed Azrael
 36397 | Swamp:1  | Reached skill level 5 in Maces & Flails
 37733 | Swamp:2  | Reached skill level 10 in Invocations
 37994 | Swamp:2  | Reached XP level 17. HP: 105/158 MP: 27/27
 39604 | Swamp:3  | Gained mutation: You are partially covered in large bone plates (AC +2, SH +2). [potion of beneficial mutation]
 39624 | Swamp:4  | Entered Level 4 of the Swamp
 39701 | Swamp:4  | Got an ichor-stained rapier
 39702 | Swamp:4  | Identified the +7 rapier of Sequestration {drain, rElec rF+ MR+} (You found it on level 4 of the Swamp)
 40568 | Swamp:4  | Noticed the 27-headed Lernaean hydra
 40592 | Swamp:4  | The Shining One protects you from harm!
 40598 | Swamp:4  | Killed from afar by a thorn hunter

Vault maps used:
D:1:      co_arrival_square_in_a_square_in_a_square
D:2:      ecumenical_altar_2
D:3:      kennysheep_goblin_castle, lemuel_round_altar,
          kennysheep_generic_room_2, uniq_sigmund
D:4:      grunt_temple_overflow_cloverleaf, minmay_temple_entry_junction,
          enter_ossuary_1, kennysheep_generic_room_13, uniq_eustachio,
          uniq_menkaure
D:5:      first_bread
D:6:      tgw_fedhas
D:7:      slow_altar_2, makhleb_altar_promises_db, grunt_livestock,
          uniq_crazy_yiuf_cottage, uniq_joseph, uniq_pikel, uniq_duvessa
D:8:      kennysheep_mini_moat, serial_shops, shop, shop_statue, shop_fountains,
          special_room
D:9:      lemuel_crystal_altar, wad_rectangle_vault, uniq_psyche
D:10:     enter_bailey_2
D:11:     lair_0_dummy, orc_0_dummy, serial_shops, shop, minmay_fountain_box
D:14:     hangedman_vaults_entry_quadrant_bands, minmay_variable_closet
Temple:   corrupted_temple
Lair:2:   serial_bayou_pond_c, grunt_megastairs_2, lemuel_fruit_fields,
          uniq_urug
Lair:3:   grunt_megastairs_5, infiniplex_staircase_pool_2, serial_bayou_shore_b
Lair:4:   spider_nest_entry_a, serial_bayou_shore_b
Lair:5:   swamp_mist, portal_ice_cave_entry_pillars_01, lemuel_fruit_tree
Lair:6:   nicolae_slime_entry_slimehenge, wad_woods_06
Lair:8:   evilmike_catoblepas_cave, infiniplex_staircase_pool
Swamp:1:  evilmike_swamp_ruin_rubble_2
Swamp:2:  hangedman_swamp_pad, swamp_pool1
Swamp:3:  evilmike_swamp_ruin_house_1, swamp_pool3
Swamp:4:  swamp_old_school
Orc:1:    serial_shops, shop_scrolls
Orc:2:    sword_in_stone
Orc:3:    basic_altar, serial_shops, nicolae_shop_window_shopping,
          nicolae_orc_pool_cavern, uniq_harold, uniq_donald
Orc:4:    pf_orc_diabolical, uniq_azrael, uniq_maurice
Elf:1:    eino_elf_arrival_customs, serial_glass, glass_columns_c,
          glass_columns_c, evilmike_minifort
Bailey:   bailey_polearm_4, bailey
IceCv:    ice_cave_statue_garden_01

Action                   |  1- 3 |  4- 6 |  7- 9 | 10-12 | 13-15 | 16-18 || total
-------------------------+-------+-------+-------+-------+-------+-------++-------
Melee: War axe           |   137 |   159 |   477 |   937 |   582 |       ||  2292
       Dire flail        |       |       |       |       |  1198 |   598 ||  1796
       Broad axe         |       |       |       |       |     3 |   368 ||   371
Throw: Javelin           |       |       |       |     7 |    18 |       ||    25
       Tomahawk          |       |       |       |       |       |     2 ||     2
Invok: Divine Shield     |       |       |       |     9 |    16 |    11 ||    36
       Cleansing Flame   |       |       |       |       |     2 |     2 ||     4
       Summon Divine War |       |       |       |       |       |     1 ||     1
 Abil: Breathe Fire      |       |       |     3 |     5 |     2 |     1 ||    11
  Use: Scroll            |       |       |    12 |     7 |     6 |    10 ||    35
       Potion            |       |       |    11 |     7 |    14 |     2 ||    34
  Eat: Chunk             |     1 |     5 |     2 |    18 |    16 |    10 ||    52
       Bread ration      |       |       |     2 |       |     1 |     1 ||     4
       Meat ration       |       |       |     1 |       |     6 |     2 ||     9
       Pizza             |       |       |       |     4 |     4 |     2 ||    10
       Fruit             |       |       |       |     2 |     5 |     1 ||     8
       Beef jerky        |       |       |       |       |       |     1 ||     1
